 Dungeon Crawl Stone Soup version 0.27-a0-1188-g73eefd5def (webtiles) character file.

Game seed: 18390334038586180211

1157 Froggeryz the Cleaver (level 8, -3/67 HPs)
             Began as a White Draconian Berserker on May 22, 2021.
             Was a Priest of Trog.
             Slain by a gnoll
             ... wielding a +0 spear
              (6 damage)
             ... on level 5 of the Dungeon.
             The game lasted 00:05:27 (5774 turns).

Froggeryz the Cleaver (White Draconian Berserker)   Turns: 5774, Time: 00:05:28

Health: -3/67      AC:  7    Str: 22    XL:     8   Next: 16%
Magic:  8/8        EV: 13    Int:  7    God:    Trog [***...]
Gold:   228        SH:  0    Dex: 11    Spells: 7/7 levels left

rFire    + . .     SeeInvis .   a - +0 hand axe
rCold    + + .     Faith    .   (no shield)
rNeg     . . .     Spirit   .   (armour unavailable)
rPois    +         Reflect  .   (helmet restricted)
rElec    +         Harm     .   (no cloak)
rCorr    +         Rampage  .   (no gloves)
Will     .....                  l - +0 pair of boots
Stlth    ++........             (no amulet)
HPRegen  0.21/turn              (no ring)
MPRegen  0.11/turn              (no ring)

@: brilliant, resistant, on berserk cooldown, flying, slowed, very slow
A: breathe frost, AC +6, unfitting armour, cold resistance 1, cold-blooded, big
wings
a: Breathe Frost, Renounce Religion, Berserk, Trog's Hand


You were on level 5 of the Dungeon.
You worshipped Trog.
Trog was most pleased with you.
You visited 1 branch of the dungeon, and saw 5 of its levels.

You collected 228 gold pieces.

Inventory:

Hand Weapons
 a - a +0 hand axe (weapon)
Missiles
 c - 23 poisoned darts
 u - 3 boomerangs of dispersal
Armour
 l - a +0 pair of boots (worn)
Jewellery
 k - an amulet of faith
Scrolls
 b - a scroll of enchant armour {unknown}
 d - 2 scrolls of teleportation {unknown}
 e - 6 scrolls of identify {unknown}
 g - a scroll of amnesia {unknown}
 m - a scroll of fear {unknown}
 n - a scroll of noise {unknown}
 q - 2 scrolls of enchant weapon {unknown}
 s - a scroll of immolation {unknown}
Potions
 f - 2 potions of resistance
 i - a potion of attraction {unknown}
 j - a potion of haste
 o - a potion of degeneration {unknown}
 p - a potion of brilliance
 r - a potion of berserk rage {unknown}
 t - a potion of magic {unknown}
 v - a potion of lignification {unknown}


   Skills:
 - Level 4.5 Fighting
 * Level 8.9 Axes
 - Level 4.1 Dodging
 - Level 1.7 Stealth


You had 7 spell levels left.
You didn't know any spells.
Your spell library was empty.

Dungeon Overview and Level Annotations

Branches:
Dungeon (5/15)
 Temple: D:4-7

Altars:
Kikubaaqudgha
Yredelemnul


Innate Abilities, Weirdness & Mutations

You can breathe waves of freezing cold which knock back foes.
Your icy white scales are hard. (AC +6)
You cannot fit into any form of body armour.
Your flesh is cold resistant. (rC+)
You are cold-blooded and may be slowed by cold attacks.
Your large and strong wings let you fly.


Message History

The gnoll misses you.
You barely miss the gnoll. You tail-slap the gnoll.
The gnoll is severely wounded.
The gnoll hits you with a +0 spear.
* * * LOW HITPOINT WARNING * * *
You hit the gnoll but do no damage.
The gnoll is severely wounded.
The gnoll closely misses you.
A sky beast comes into view.
You closely miss the gnoll.
The gnoll is severely wounded.
The gnoll hits you with a +0 spear.
* * * LOW HITPOINT WARNING * * *
The gnoll hits you with a +0 spear.
* * * LOW HITPOINT WARNING * * *
You hit the gnoll.
The gnoll is almost dead.
The gnoll hits you with a +0 spear.
* * * LOW HITPOINT WARNING * * *
Okay, then.
Unknown command.
Unknown command.
It was a potion of resistance.
You feel protected. The gnoll hits you with a +0 spear.
* * * LOW HITPOINT WARNING * * *
The sky beast hits you.
* * * LOW HITPOINT WARNING * * *
The sky beast shocks you. You resist.
* * * LOW HITPOINT WARNING * * *
The gnoll misses you.
It was a potion of brilliance.
You feel clever all of a sudden.
The sky beast hits you but does no damage.
The gnoll misses you. The sky beast closely misses you.
It was a potion of mutation.
You feel extremely strange.
Your wings grow larger and stronger.
The gnoll closely misses you. The sky beast closely misses you.
The gnoll hits you with a +0 spear.
You die...

..... ........... ### #...#
#.....>...## ....
#...#########.<........#
#..##.............(.....)..#
#..†...# ##...........<.
#...# ##..#........(.. #...#
#..##.......<...
#)..#####.####.......<.#
##...#g@..# ##.......##
#.#..Y#### #####..###
#.#.......# #....## #
#.#.#####.# #.#### #.#.# #
#.#.# #g#.# # ## #.#.#
#..#####. ..# #.......


You could see a sky beast and a gnoll.

Vanquished Creatures
  A water moccasin (D:5)
  A hornet zombie (D:5)
  A black bear (D:5)
  An ogre (D:4)
  A centaur (D:5)
  2 phantoms (D:4)
  A bullfrog (D:4)
  A water moccasin zombie (D:5)
  A scorpion (D:5)
  A bullfrog zombie (D:5)
  An orc priest (D:5)
  A hound (D:2)
  A centaur skeleton (D:5)
  An iguana (D:3)
  A killer bee zombie (D:5)
  2 hound zombies (D:5)
  A howler monkey zombie (D:5)
  6 gnolls
  4 adders
  2 adder skeletons (D:4)
  A worm (D:4)
  A dart slug (D:1)
  8 orcs
  5 bats
  8 endoplasms
  A giant cockroach (D:1)
  4 goblins
  6 hobgoblins
  2 jackals (D:1)
  4 kobolds
  5 quokkas
  6 ball pythons
  2 frilled lizards (D:1)
  4 rats
88 creatures vanquished.

Vanquished Creatures (others)
  A human (D:5)
1 creature vanquished.

Grand Total: 89 creatures vanquished

Notes
Turn   | Place    | Note
-------+----------+-------------------------------------------
     0 | D:1      | Froggeryz the Draconian Berserker began the quest for the
                  | Orb.
     0 | D:1      | Reached XP level 1. HP: 19/19 MP: 1/1
   215 | D:1      | Reached XP level 2. HP: 26/26 MP: 2/2
   548 | D:1      | Found a faded altar of an unknown god.
  1111 | D:1      | Reached ** piety under Trog
  1357 | D:2      | Reached XP level 3. HP: 16/33 MP: 3/3
  1741 | D:2      | Reached XP level 4. HP: 38/40 MP: 4/4
  1748 | D:2      | Reached skill level 4 in Axes
  2354 | D:2      | Reached XP level 5. HP: 39/46 MP: 5/5
  3036 | D:3      | Reached skill level 1 in Stealth
  4251 | D:4      | Noticed a phantom
  4268 | D:4      | Killed a phantom
  4269 | D:4      | Reached XP level 6. HP: 53/53 MP: 6/6
  4516 | D:4      | Reached skill level 5 in Axes
  4743 | D:5      | Entered Level 5 of the Dungeon
  4759 | D:4      | Reached skill level 6 in Axes
  4916 | D:5      | Reached *** piety under Trog
  4917 | D:5      | Your scales start taking on an icy white colour.
  4917 | D:5      | Reached XP level 7. HP: 60/60 MP: 7/7
  4917 | D:5      | Gained mutation: Your flesh is cold resistant. (rC+) [White
                  | Draconian growth]
  5000 | D:5      | Found an ancient bone altar of Kikubaaqudgha.
  5014 | D:5      | Reached skill level 7 in Axes
  5081 | D:5      | Noticed a human
  5082 | D:5      | Killed a human
  5354 | D:5      | Found a basalt altar of Yredelemnul.
  5375 | D:5      | Reached skill level 8 in Axes
  5589 | D:5      | Reached XP level 8. HP: 67/67 MP: 8/8
  5772 | D:5      | HP: 3/67 [sky beast (1)]
  5774 | D:5      | Gained mutation: Your large and strong wings let you fly.
                  | [potion of mutation]
  5774 | D:5      | Slain by a gnoll

Illustrated notes

Levels and vault maps discovered:
D:1:      heliophobic_arrival_enchanted_forest, layout_basic,
          hellmonk_ecumenical_altar_crossroads, serial_curves, eino_curves_03,
          eino_curves_01, minmay_misc_feat_diagonals
D:2:      layout_basic
D:3:      layout_basic
D:4:      layout_loops_ring
D:5:      layout_rooms, nicolae_yredelemnul_corpse_copse, tgw_kikubaaqudgha

Skill      XL: |  1  2  3  4  5  6  7 |
---------------+----------------------+-----
Dodging        | 3 4 |  4.1
Fighting       | 4 |  4.5
Axes           | 4 6 8 |  8.9
Stealth        | 1 |  1.7

Action                   |  1- 3 |  4- 6 |  7- 9 || total
-------------------------+-------+-------+-------++-------
Melee: Hand axe          |    98 |   176 |   119 ||   393
       Tailslap          |    13 |    13 |    26 ||    52
Invok: Berserk           |     1 |     4 |     3 ||     8
  Use: Potion            |       |       |     3 ||     3
 Stab: Sleeping          |     2 |     2 |     1 ||     5
Armor: Skin              |    39 |    70 |    33 ||   142
Dodge: Dodged            |    71 |   127 |    83 ||   281

Table legend: (Time is in decaauts)
 A = Elapsed time spent in this place.
 B = Non-inter-level travel time spent in this place.
 C = Inter-level travel time spent in this place.
 D = Time resting spent in this place.
 E = Time spent auto-exploring this place.
 F = Levels seen in this place.
 G = Mean time per level.
                   A        B        C        D        E       F      G
               +--------+--------+--------+--------+--------+-----+--------+
         Total |   5860 |   5723 |    137 |    920 |   4054 |   5 | 1172.0 |
       Dungeon |   5860 |   5723 |    137 |    920 |   4054 |   5 | 1172.0 |
               +--------+--------+--------+--------+--------+-----+--------+

Top non-repeatable levels by time:
     D:1: 1512 daAuts
     D:3: 1420 daAuts
     D:4: 1063 daAuts
     D:2: 1021 daAuts
     D:5: 844 daAuts
